MLB
LOS ANGELES DODGERS @ MILWAUKEE BREWERS
05/12/2099
 
TOP OF THE 1ST
Los Angeles Dodgers batting - Pitching for Milwaukee Brewers : LHP Kyle Allen
Pitching: LHP Kyle Allen
Batting: RHB John Spohn 0-0: Called Strike
0-1: Ball
1-1: Ball
2-1: Called Strike
2-2: Foul Ball, location: 9LMF
2-2: Foul Ball, location: 2RF
2-2: Ball
3-2: Foul Ball, location: 3FF
3-2: Foul Ball, location: 2F
3-2: Foul Ball, location: 3SF
3-2: Base on Balls
Batting: RHB Dan Boyd 0-0: Fielders Choice at 2nd, 4-6 (Groundball, 13, EV 93.1 MPH)
Batting: LHB Greg Thompson 0-0: Ball
1-0: Foul Ball, location: 2F
1-1: Ball
2-1: Fly out, F9 (Flyball, 89D, EV 97.5 MPH)
Batting: RHB Victor Salinas 0-0: Called Strike
0-1: Ball
1-1: Ball
2-1: Foul Ball, location: 9LDF
2-2: Strikes out swinging
Top of the 1st over - 0 runs, 0 hits, 0 errors, 1 left on base; Los Angeles 0 - Milwaukee 0
BOTTOM OF THE 1ST
Milwaukee Brewers batting - Pitching for Los Angeles Dodgers : LHP Gil Bravo
Pitching: LHP Gil Bravo
Batting: LHB Alex Cruz 0-0: Called Strike
0-1: Ball
1-1: Swinging Strike
1-2: Foul Ball, location: 23F
1-2: Ball
2-2: Strikes out looking
Batting: RHB Joe Hardie 0-0: Ball
1-0: Ball
2-0: DOUBLE (Line Drive, 9LS, EV 86.9 MPH)
Batting: RHB Tony Ledezma 0-0: Ball
1-0: Fly out, F6 (Popup, 6MS, EV 78.8 MPH)
Batting: RHB Byron Weaver 0-0: Called Strike
0-1: Foul Ball, location: 9LSF
0-2: Foul Ball, location: 2F
0-2: Strikes out swinging
Bottom of the 1st over - 0 runs, 1 hit, 0 errors, 1 left on base; Los Angeles 0 - Milwaukee 0
TOP OF THE 2ND
Los Angeles Dodgers batting - Pitching for Milwaukee Brewers : LHP Kyle Allen
Batting: LHB Ramon Anguiano 0-0: Ball
1-0: Swinging Strike
1-1: Foul Ball, location: 3DF
1-2: Foul Ball, location: 7LSF
1-2: Ball
2-2: Strikes out swinging
Batting: SHB Mang He 0-0: Called Strike
0-1: Ball
1-1: Ball
2-1: Foul Ball, location: 7LSF
2-2: Strikes out swinging
Batting: RHB Luis Lozada 0-0: Fly out, F9 (Flyball, 89D, EV 90.0 MPH)
Top of the 2nd over - 0 runs, 0 hits, 0 errors, 0 left on base; Los Angeles 0 - Milwaukee 0
BOTTOM OF THE 2ND
Milwaukee Brewers batting - Pitching for Los Angeles Dodgers : LHP Gil Bravo
Batting: RHB Tyler Naberhaus 0-0: Fly out, F6 (Popup, 56, EV 79.4 MPH)
Batting: RHB Kyle Stewart 0-0: Ball
1-0: Ball
2-0: SOLO HOME RUN (Flyball, 9D, EV 107.5 MPH), Distance : 396 ft
Batting: RHB Johnny Curet 0-0: Swinging Strike
0-1: Ball
1-1: Ball
2-1: Called Strike
2-2: Fly out, F9 (Flyball, 9, EV 89.4 MPH)
Batting: SHB Jamie Saxton 0-0: Called Strike
0-1: Called Strike
0-2: Foul Ball, location: 2F
0-2: Fly out, F8 (Flyball, 8LD, EV 94.4 MPH)
Bottom of the 2nd over - 1 run, 1 hit, 0 errors, 0 left on base; Los Angeles 0 - Milwaukee 1
TOP OF THE 3RD
Los Angeles Dodgers batting - Pitching for Milwaukee Brewers : LHP Kyle Allen
Batting: RHB Joe Boyer 0-0: Called Strike
0-1: Ball
1-1: Ball
2-1: Ball
3-1: Foul Ball, location: 9LDF
3-2: Base on Balls
Batting: SHB Jason Avsar 0-0: Ball
1-0: Called Strike
1-1: Bunted foul
1-2: Ball
2-2: Strikes out swinging
Batting: RHB John Spohn 0-0: Ball
1-0: Called Strike
1-1: Foul Ball, location: 9LDF
1-2: Foul Ball, location: 23F
1-2: Foul Ball, location: 3FF
1-2: Ball
2-2: Ball
3-2: Foul Ball, location: 2F
3-2: Strikes out swinging
Batting: RHB Dan Boyd 0-0: Ball
1-0: Ball
2-0: Called Strike
2-1: Fly out, F8 (Flyball, 8RD, EV 81.9 MPH)
Top of the 3rd over - 0 runs, 0 hits, 0 errors, 1 left on base; Los Angeles 0 - Milwaukee 1
BOTTOM OF THE 3RD
Milwaukee Brewers batting - Pitching for Los Angeles Dodgers : LHP Gil Bravo
Batting: RHB Carlos Cabal 0-0: Called Strike
0-1: Ball
1-1: Ball
2-1: SINGLE (Groundball, 34D, EV 103.8 MPH)
Batting: LHB Alex Cruz 0-0: Swinging Strike
0-1: Called Strike
0-2: Foul Ball, location: 5SF
0-2: Strikes out looking
Pitching: RHP Eric Beattie
Batting: RHB Joe Hardie 0-0: Ball
Carlos Cabal is caught stealing 2nd base 2-4
1-0: Called Strike
1-1: Foul Ball, location: 2F
1-2: Ball
2-2: Ball
3-2: Foul Ball, location: 5F
3-2: Strikes out looking
Bottom of the 3rd over - 0 runs, 1 hit, 0 errors, 0 left on base; Los Angeles 0 - Milwaukee 1
TOP OF THE 4TH
Los Angeles Dodgers batting - Pitching for Milwaukee Brewers : LHP Kyle Allen
Batting: LHB Greg Thompson 0-0: Ball
1-0: Ball
2-0: Foul Ball, location: 2F
2-1: Foul Ball, location: 9LSF
2-2: Ball
3-2: Strikes out looking
Batting: RHB Victor Salinas 0-0: Called Strike
0-1: Fly out, F6 (Popup, P, EV 75.6 MPH)
Batting: LHB Ramon Anguiano 0-0: Ball
1-0: Called Strike
1-1: Fly out, F8 (Flyball, 8LD, EV 101.3 MPH)
Top of the 4th over - 0 runs, 0 hits, 0 errors, 0 left on base; Los Angeles 0 - Milwaukee 1
BOTTOM OF THE 4TH
Milwaukee Brewers batting - Pitching for Los Angeles Dodgers : RHP Eric Beattie
Batting: RHB Tony Ledezma 0-0: Swinging Strike
0-1: Ball
1-1: Ball
2-1: Ball
3-1: Foul Ball, location: 9LMF
3-2: Ground out 6-3 (Groundball, 6, EV 90.0 MPH)
Batting: RHB Byron Weaver 0-0: Called Strike
0-1: Called Strike
0-2: Ball
1-2: Fly out, F7 (Flyball, 7D, EV 98.1 MPH)
Batting: RHB Tyler Naberhaus 0-0: Reached on error, E7 (Flyball, 7S, EV 92.5 MPH)
Batting: RHB Kyle Stewart 0-0: Called Strike
0-1: 2-RUN HOME RUN (Flyball, 7D, EV 98.1 MPH), Distance : 380 ft
Batting: RHB Johnny Curet 0-0: Ground out 5-3 (Groundball, 56, EV 90.0 MPH)
Bottom of the 4th over - 2 runs, 1 hit, 1 error, 0 left on base; Los Angeles 0 - Milwaukee 3
TOP OF THE 5TH
Los Angeles Dodgers batting - Pitching for Milwaukee Brewers : LHP Kyle Allen
Batting: SHB Mang He 0-0: Called Strike
0-1: SINGLE (Groundball, 6MD, EV 100.0 MPH)
Batting: RHB Luis Lozada 0-0: Ball
1-0: Ball
2-0: Ball
3-0: Called Strike
3-1: Foul Ball, location: 2F
3-2: SINGLE (Line Drive, 6D, EV 97.5 MPH)
Mang He to second
Batting: RHB Joe Boyer 0-0: Ball
1-0: Foul Ball, location: 9LSF
1-1: Ball
2-1: Swinging Strike
2-2: Ball
3-2: 3-RUN HOME RUN (Flyball, 78XD, EV 104.4 MPH), Distance : 405 ft
Pinch Hitting: RHB Brad Horwath 0-0: Called Strike
0-1: SINGLE (Groundball, 34D, EV 97.5 MPH)
Batting: RHB John Spohn 0-0: Ball
1-0: Fly out, F9 (Flyball, 89M, EV 86.9 MPH)
Batting: RHB Dan Boyd 0-0: Ball
1-0: SINGLE (Line Drive, 89S, EV 90.6 MPH)
Brad Horwath to second
Batting: LHB Greg Thompson 0-0: Grounds into double play, 6-4-3 (Groundball, 6, EV 85.6 MPH)
Top of the 5th over - 3 runs, 5 hits, 0 errors, 1 left on base; Los Angeles 3 - Milwaukee 3
BOTTOM OF THE 5TH
Milwaukee Brewers batting - Pitching for Los Angeles Dodgers : RHP Eric Beattie
Now at 2B: Brad Horwath
Now at SS: Dan Boyd
Batting: SHB Jamie Saxton 0-0: Ball
1-0: Called Strike
1-1: Foul Ball, location: 7LSF
1-2: Foul Ball, location: 2F
1-2: Strikes out swinging
Batting: RHB Carlos Cabal 0-0: Called Strike
0-1: Swinging Strike
0-2: Ball
1-2: Ball
2-2: Ground out 5-3 (Groundball, 56, EV 91.3 MPH)
Batting: LHB Alex Cruz 0-0: Called Strike
0-1: Ball
1-1: Fly out, F7 (Flyball, 7D, EV 106.3 MPH)
Bottom of the 5th over - 0 runs, 0 hits, 0 errors, 0 left on base; Los Angeles 3 - Milwaukee 3
TOP OF THE 6TH
Los Angeles Dodgers batting - Pitching for Milwaukee Brewers : LHP Kyle Allen
Batting: RHB Victor Salinas 0-0: Ball
1-0: Swinging Strike
1-1: Ball
2-1: Called Strike
2-2: Ball
3-2: Ground out 4-3 (Groundball, 4, EV 106.3 MPH)
Batting: LHB Ramon Anguiano 0-0: Foul Ball, location: 2F
0-1: Foul Ball, location: 3FF
0-2: Fly out, F2 (Popup, 25F, EV 88.1 MPH)
Batting: SHB Mang He 0-0: Foul Ball, location: 9LMF
0-1: Foul Ball, location: 2F
0-2: SOLO HOME RUN (Flyball, 7D, EV 103.8 MPH), Distance : 378 ft
Batting: RHB Luis Lozada 0-0: Ball
1-0: SOLO HOME RUN (Flyball, 78XD, EV 99.4 MPH), Distance : 394 ft
Batting: RHB Joe Boyer 0-0: Ball
1-0: Ball
2-0: Called Strike
2-1: Foul Ball, location: 2RF
2-2: Fly out, F8 (Flyball, 8RD, EV 75.6 MPH)
Top of the 6th over - 2 runs, 2 hits, 0 errors, 0 left on base; Los Angeles 5 - Milwaukee 3
BOTTOM OF THE 6TH
Milwaukee Brewers batting - Pitching for Los Angeles Dodgers : RHP Eric Beattie
Batting: RHB Joe Hardie 0-0: Called Strike
0-1: Ball
1-1: Ball
2-1: DOUBLE (Flyball, 78D, EV 92.5 MPH)
Pitching: RHP Kyle McLelland
Batting: RHB Tony Ledezma 0-0: Ball
1-0: Called Strike
1-1: Hit by Pitch
Batting: RHB Byron Weaver 0-0: Ball
1-0: Foul Ball, location: 2RF
1-1: Foul Ball, location: 2F
1-2: Foul Ball, location: 5SF
1-2: Strikes out swinging
Batting: RHB Tyler Naberhaus 0-0: Foul Ball, location: 2F
0-1: Ball
1-1: Called Strike
1-2: Fly out, F9 (Flyball, 9D, EV 88.1 MPH)
Runner from 2nd tags up, SAFE at 3rd, no throw by RF
Batting: RHB Kyle Stewart 0-0: Ball
1-0: Ball
2-0: Ball
3-0: Base on Balls
Tony Ledezma to second
Pinch Hitting: LHB Ron Lenz 0-0: Ball
1-0: Swinging Strike
1-1: Ball
2-1: Foul Ball, location: 5SF
2-2: Strikes out swinging
Bottom of the 6th over - 0 runs, 1 hit, 0 errors, 3 left on base; Los Angeles 5 - Milwaukee 3
TOP OF THE 7TH
Los Angeles Dodgers batting - Pitching for Milwaukee Brewers : LHP Kyle Allen
Pitching: RHP Aaron Carson
Now at 3B: Takashi Nakata
Batting: RHB Brad Horwath 0-0: Ball
1-0: Foul Ball, location: 9LMF
1-1: Fly out, F7 (Flyball, 7D, EV 102.5 MPH)
Batting: RHB John Spohn 0-0: Swinging Strike
0-1: Called Strike
0-2: Ball
1-2: Strikes out swinging
Batting: RHB Dan Boyd 0-0: Ball
1-0: Foul Ball, location: 2F
1-1: Swinging Strike
1-2: Ball
2-2: Hit by Pitch
Batting: LHB Greg Thompson 0-0: Ball
1-0: Foul Ball, location: 2F
1-1: Foul Ball, location: 2F
1-2: Foul Ball, location: 3DF
1-2: Foul Ball, location: 2F
1-2: Ball
2-2: Foul Ball, location: 7LDF
2-2: Ball
3-2: Base on Balls
Dan Boyd to second
Pitching: LHP Mario Cisneros
Batting: RHB Victor Salinas 0-0: Ball
1-0: Ball
2-0: Called Strike
2-1: Ball
3-1: Base on Balls
Dan Boyd to third
Greg Thompson to second
Batting: LHB Ramon Anguiano 0-0: Ball
1-0: Called Strike
1-1: Called Strike
1-2: Ball
2-2: Ball
3-2: Strikes out swinging
Top of the 7th over - 0 runs, 0 hits, 0 errors, 3 left on base; Los Angeles 5 - Milwaukee 3
BOTTOM OF THE 7TH
Milwaukee Brewers batting - Pitching for Los Angeles Dodgers : RHP Kyle McLelland
Pitching: LHP Jose Amaro
Now in CF: Roy Lazzaro
Now in RF: John Spohn
Batting: SHB Jamie Saxton 0-0: Ball
1-0: Fly out, F7 (Flyball, 78S, EV 86.3 MPH)
Pitching: RHP Bob McDonald
Batting: RHB Carlos Cabal 0-0: Ball
1-0: Fly out, F9 (Flyball, 9, EV 93.8 MPH)
Batting: LHB Alex Cruz 0-0: Ball
1-0: Ground out 4-3 (Groundball, 4, EV 89.4 MPH)
Bottom of the 7th over - 0 runs, 0 hits, 0 errors, 0 left on base; Los Angeles 5 - Milwaukee 3
TOP OF THE 8TH
Los Angeles Dodgers batting - Pitching for Milwaukee Brewers : LHP Mario Cisneros
Batting: SHB Mang He 0-0: Ball
1-0: Foul Ball, location: 9LDF
1-1: Ball
2-1: Foul Ball, location: 25F
2-2: SINGLE (Groundball, 6M, EV 82.5 MPH) (infield hit)
Batting: RHB Luis Lozada 0-0: Ball
1-0: SINGLE (Groundball, 34D, EV 108.1 MPH)
Mang He to second
Runner from 2nd tries for 3rd, SAFE, no throw by RF
Batting: RHB Joe Boyer 0-0: Ball
1-0: Foul Ball, location: 5F
1-1: Foul Ball, location: 2F
1-2: Ball
2-2: Foul Ball, location: 9LMF
2-2: Foul Ball, location: 2F
2-2: Foul Ball, location: 9LMF
2-2: Foul Ball, location: 2F
2-2: Strikes out looking
Pitching: RHP Bertrando Pesaresi
Batting: RHB Brad Horwath 0-0: Ball
1-0: Swinging Strike
1-1: Foul Ball, location: 2F
1-2: Strikes out swinging
Batting: RHB John Spohn 0-0: Foul Ball, location: 2F
0-1: Foul Ball, location: 2F
0-2: Foul Ball, location: 2F
0-2: Fly out, F8 (Flyball, 8LD, EV 101.9 MPH)
Top of the 8th over - 0 runs, 2 hits, 0 errors, 2 left on base; Los Angeles 5 - Milwaukee 3
BOTTOM OF THE 8TH
Milwaukee Brewers batting - Pitching for Los Angeles Dodgers : RHP Bob McDonald
Now at C: Ron Ascencio
Pinch Hitting: LHB Chris Marcheski 0-0: SINGLE (Flyball, 5D, EV 90.6 MPH)
Batting: RHB Tony Ledezma 0-0: Foul Ball, location: 2F
0-1: Ball
1-1: Ball
2-1: Ball
3-1: Foul Ball, location: 2F
3-2: Grounds into double play, 6-4-3 (Groundball, 6, EV 100.0 MPH)
Batting: RHB Byron Weaver 0-0: Swinging Strike
0-1: Swinging Strike
0-2: Fly out, F8 (Line Drive, 89M, EV 95.0 MPH)
Bottom of the 8th over - 0 runs, 1 hit, 0 errors, 0 left on base; Los Angeles 5 - Milwaukee 3
TOP OF THE 9TH
Los Angeles Dodgers batting - Pitching for Milwaukee Brewers : RHP Bertrando Pesaresi
Now in LF: Chris Marcheski
Batting: RHB Dan Boyd 0-0: Swinging Strike
0-1: Ball
1-1: Foul Ball, location: 2F
1-2: Foul Ball, location: 2F
1-2: Foul Ball, location: 25F
1-2: Ball
2-2: Strikes out looking
Batting: LHB Greg Thompson 0-0: Ball
1-0: Foul Ball, location: 2F
1-1: Ball
2-1: Ground out 4-3 (Groundball, 4, EV 78.1 MPH)
Batting: RHB Victor Salinas 0-0: Ball
1-0: Ball
2-0: Foul Ball, location: 9LDF
2-1: SOLO HOME RUN (Line Drive, 9LD, EV 98.1 MPH), Distance : 377 ft
Batting: LHB Roy Lazzaro 0-0: Ball
1-0: Ball
2-0: Ball
3-0: Base on Balls
Pitching: LHP David Lucia
Batting: SHB Mang He 0-0: Called Strike
0-1: Foul Ball, location: 2F
0-2: Ball
1-2: Ball
2-2: Strikes out swinging
Top of the 9th over - 1 run, 1 hit, 0 errors, 1 left on base; Los Angeles 6 - Milwaukee 3
BOTTOM OF THE 9TH
Milwaukee Brewers batting - Pitching for Los Angeles Dodgers : RHP Bob McDonald
Pitching: RHP Dennis Emmons
Batting: RHB Tyler Naberhaus 0-0: Ball
1-0: Ball
2-0: Called Strike
2-1: Foul Ball, location: 2F
2-2: Ball
3-2: SOLO HOME RUN (Flyball, 78XD, EV 98.1 MPH), Distance : 402 ft
Batting: RHB Kyle Stewart 0-0: Ball
1-0: Called Strike
1-1: Ball
2-1: Foul Ball, location: 2F
2-2: Ball
3-2: Foul Ball, location: 3SF
3-2: Foul Ball, location: 2F
3-2: Foul Ball, location: 2F
3-2: Base on Balls
Batting: LHB Takashi Nakata 0-0: Foul Ball, location: 7LMF
0-1: Foul Ball, location: 2F
0-2: Fly out, F8 (Flyball, 8RM, EV 91.3 MPH)
Batting: SHB Jamie Saxton 0-0: Swinging Strike
0-1: Ball
1-1: Ball
2-1: Swinging Strike
2-2: Strikes out swinging
Pitching: LHP Mike Rumschlag
Batting: RHB Carlos Cabal 0-0: Called Strike
0-1: Swinging Strike
0-2: Ball
1-2: Ball
2-2: SINGLE (Line Drive, 89S, EV 95.6 MPH)
Kyle Stewart to second
Batting: SHB Victor Pacheco 0-0: Ball
1-0: Foul Ball, location: 2F
1-1: Swinging Strike
1-2: Strikes out swinging
Bottom of the 9th over - 1 run, 2 hits, 0 errors, 2 left on base; Los Angeles 6 - Milwaukee 4
Friday, May 3rd , 2024 - OOTP Baseball 24.11 Build 85